 Dungeon Crawl Stone Soup version 0.28.0-53-g5a82cb258f (webtiles) character file.

Game seed: 656339516372016400

183 Zeld the Magician (level 5, 0/28 HPs)
             Began as a Deep Elf Fire Elementalist on May 22, 2022.
             Constricted to death by a ball python (1 damage)
             ... on level 3 of the Dungeon.
             The game lasted 00:02:54 (3493 turns).

Zeld the Magician (Deep Elf Fire Elementalist)      Turns: 3493, Time: 00:02:54

Health: 0/28       AC:  2    Str:  5    XL:     5   Next: 35%
Magic:  0/14       EV: 10    Int: 22    God:
Gold:   164        SH:  0    Dex: 15    Spells: 7/13 levels left

rFire   . . .      SeeInvis .   (no weapon)
rCold   . . .      Faith    .   (no shield)
rNeg    . . .      Spirit   .   a - +0 robe
rPois   .          Reflect  .   (no helmet)
rElec   .          Harm     .   (no cloak)
rCorr   .          Rampage  .   (no gloves)
Will    .....                   (no boots)
Stlth   ++........              (no amulet)
HPRegen 0.09/turn               (no ring)
MPRegen 0.14/turn               (no ring)

@: constricted
A: no striking features
a: no special abilities


You were on level 3 of the Dungeon.
You visited 1 branch of the dungeon, and saw 3 of its levels.

You collected 164 gold pieces.

Inventory:

Armour
 a - a +0 robe (worn)
Scrolls
 c - a scroll of acquirement {unknown}
 d - 3 scrolls of identify {unknown}
 e - a scroll of summoning {unknown}
 f - a scroll of torment {unknown}
Potions
 b - a potion of ambrosia {unknown}
 g - a potion of lignification {unknown}
 h - a potion of might {unknown}
 i - a potion of curing {unknown}


   Skills:
 + Level 3.4 Dodging
 - Level 2.4 Stealth
 * Level 4.7 Spellcasting
 + Level 2.4 Conjurations
 + Level 1.9 Hexes
 * Level 4.5 Fire Magic


You had 7 spell levels left.
You knew the following spells:

 Your Spells              Type           Power      Damage    Failure   Level
a - Foxfire               Conj/Fire      80%        2x1d8     2%          1
b - Scorch                Fire           50%        2d7       2%          2
c - Inner Flame           Hex/Fire       19%        N/A       9%          3

Your spell library contained the following spells:

 Spells                   Type           Power      Damage    Failure   Level
 Conjure Flame            Conj/Fire      20%        6-21      8%          3
 Flame Wave               Conj/Fire      20%        2d7       24%         4
 Gell's Gravitas          Tloc           5%         N/A       30%         3
 Lesser Beckoning         Tloc           5%         N/A       30%         3
 Teleport Other           Tloc           5%         N/A       30%         3


Dungeon Overview and Level Annotations

Branches:
Dungeon (3/15)

Altars:
Elyvilon
Sif Muna
Trog
Vehumet


Message History

Casting: Scorch (safe; 2% risk of failure)
Confirm with . or Enter, or press ? or * to list all spells.
Flames lash the goblin but do no damage.
You feel sick. The goblin closely misses you. The adder closely misses you.
Unknown command.
Casting: Scorch (safe; 2% risk of failure)
Confirm with . or Enter, or press ? or * to list all spells.
Flames lash the adder.
The adder is burned terribly!
You kill the adder!
You feel sick. The goblin hits you with a +0 club.
* * * LOW HITPOINT WARNING * * *
Unknown command.
Casting: Scorch (safe; 2% risk of failure)
Confirm with . or Enter, or press ? or * to list all spells.
Flames lash the goblin.
You kill the goblin!
* * * LOW HITPOINT WARNING * * *
You feel sick.
A ball python comes into view.
Casting: Scorch (safe; 2% risk of failure)
Confirm with . or Enter, or press ? or * to list all spells.
You conjure some foxfire!
The ball python hisses angrily.
* * * LOW HITPOINT WARNING * * *
You feel sick.
* * * LOW HITPOINT WARNING * * *
You feel sick.
You are no longer poisoned.
The foxfire hits the ball python.
The ball python is moderately wounded.
The foxfire hits the ball python.
The ball python is heavily wounded.
The ball python bites you but does no damage.
The ball python grabs you. The ball python constricts you.
Casting: Foxfire (safe; 2% risk of failure)
Confirm with . or Enter, or press ? or * to list all spells.
You conjure some foxfire!
The ball python bites you.
* * * LOW HITPOINT WARNING * * *
The ball python constricts you.
You die...

#...... #.##.##.#
.......##..#.##.#
>..#####...'.##.#
##.....[.#.##.#
#8......##.##.#
#.._...##..##.#
#8....##....#.#
##...##.⌠..v#.#
.#####)....S@.#
......†......v#
###.##.......## #
##.....## ##...##
##.## #.# ..#
####


You could see a ball python (ally target).

Vanquished Creatures
  A hound (D:3)
  3 gnolls (D:3)
  4 adders
  An ufetubus (D:3)
  A worm (D:3)
  3 dart slugs
  3 orcs (D:2)
  7 bats
  3 endoplasms
  3 giant cockroaches
  7 goblins
  3 hobgoblins
  3 jackals (D:1)
  9 kobolds
  5 quokkas
  10 ball pythons
  3 frilled lizards
  4 rats
73 creatures vanquished.

Vanquished Creatures (others)
  327 foxfires
327 creatures vanquished.

Grand Total: 400 creatures vanquished

Notes
Turn   | Place    | Note
-------+----------+-------------------------------------------
     0 | D:1      | Zeld the Deep Elf Fire Elementalist began the quest for the
                  | Orb.
     0 | D:1      | Reached XP level 1. HP: 10/10 MP: 6/6
   269 | D:1      | Reached XP level 2. HP: 15/15 MP: 5/8
   278 | D:1      | Learned a level 2 spell: Scorch
  1111 | D:1      | Reached XP level 3. HP: 19/19 MP: 5/10
  1115 | D:1      | Learned a level 3 spell: Inner Flame
  1841 | D:2      | Found a white marble altar of Elyvilon.
  2195 | D:2      | Reached skill level 1 in Hexes
  2233 | D:2      | Reached XP level 4. HP: 24/24 MP: 9/12
  3290 | D:3      | Found a bloodstained altar of Trog.
  3298 | D:3      | Reached XP level 5. HP: 24/28 MP: 9/14
  3412 | D:3      | Found a shimmering blue altar of Sif Muna.
  3455 | D:3      | Found a faded altar of an unknown god.
  3461 | D:3      | Found a radiant altar of Vehumet.
  3487 | D:3      | HP: 1/28 [poisoned by an adder]
  3493 | D:3      | HP: 1/28 [ball python (1)]
  3493 | D:3      | Constricted to death by a ball python

Illustrated notes

Levels and vault maps discovered:
D:1:      sevenhm_arrival_forest_fort_small_4, layout_basic, minmay_tromino_i4
D:2:      layout_basic, basic_altar
D:3:      layout_loops_ring, lemuel_doored_altar,
          nicolae_overflow_ecumenical_swirl, mainiacjoe_overflow_alcove_1

Skill      XL: |  1  2  3 |
---------------+----------+-----
Fire Magic     | 4 |  4.5
Dodging        | 3 |  3.4
Spellcasting   | 4 |  4.7
Conjurations   | 2 |  2.4
Hexes          | 1 |  1.9
Stealth        | |  2.4

Action                   |  1- 3 |  4- 6 || total
-------------------------+-------+-------++-------
Melee: Unarmed           |     1 |     4 ||     5
 Cast: Foxfire           |   150 |    64 ||   214
       Scorch            |     1 |    21 ||    22
Armor: Robe              |     1 |     4 ||     5
Dodge: Dodged            |    12 |    19 ||    31
